DETROIT vs CAROLINA

Created - Saturday, April 07, 2018 at 17:49

Goals
1 2 3 OT1 SO T
DETROIT 0 2 0 0 0 2
CAROLINA 1 1 0 0 1 3
Shots
1 2 3 OT1 SO T
DETROIT 5 17 2 3 3 27
CAROLINA 8 3 9 0 2 20

1st period

1. CAROLINA , Antoine Roussel 9 (Shayne Gostisbehere 31) at 11:39

Penalties :
Luke Schenn (CAR) for Hooking (Minor) at 5:20, Shea Weber (CAR) for Hooking (Minor) at 15:18

2nd period

2. CAROLINA , Patrice Bergeron 25 (Alexander Steen 36, Vladimir Tarasenko 38) at 8:04 (PP)
3. DETROIT , Dustin Brown 17 (Alex Galchenyuk 28, Kyle Palmieri 29) at 8:18
4. DETROIT , Alex Galchenyuk 25 (Kyle Palmieri 30, Dustin Brown 31) at 16:55

Penalties :
Luke Schenn (CAR) for Roughing (Minor) at 4:05, Ryan Reaves (DET) for Hooking (Minor) at 6:32, Patrice Bergeron (CAR) for Hooking (Minor) at 8:50, Antoine Roussel (CAR) for Boarding (Minor) at 17:57

3rd period

No Goal

Penalties :
Ryan Reaves (DET) for Cross-checking (Minor) at 3:23, Josh Gorges (DET) for Slashing (Minor) at 6:46, Alexander Steen (CAR) for Hooking (Minor) at 10:07, Tomas Hertl (CAR) for Tripping (Minor) at 17:36

Overtime #1

No Goal

Penalties :
No Penalty

Shootout

Penalty Shot by Steven Stamkos for DETROIT - Shot Misses the Net
Penalty Shot by Patrice Bergeron for CAROLINA - Shot Misses the Net
Penalty Shot by T.J. Oshie for DETROIT - Stopped by Sergei Bobrovsky
Penalty Shot by Vladimir Tarasenko for CAROLINA - Goal!
Penalty Shot by Taylor Hall for DETROIT - Shot Misses the Net

Penalties :
No Penalty

Goalie Stats

John Gibson (DET), 18 saves from 20 shots - (0.900), OTL, 21-13-3, 65:00 minutes
Sergei Bobrovsky (CAR), 25 saves from 27 shots - (0.926), W, 51-11-6, 65:00 minutes

Players Stats for DETROIT

Player Name              G  A  P  +/- PIM S  H  SB GA TA FO     MP     PP MP  PK MP  
------------------------------------------------------------------------------------
Aaron Ekblad             0  0  0   0  0   2  0  3  0  0  0/0    28:30   7:33   2:26 
Alex Galchenyuk          1  1  2   2  0   3  1  0  0  0  15/32  18:32   6:59   0:00 
Cody Goloubef            0  0  0   0  0   1  0  0  0  0  0/0    13:38   0:00   0:40 
Dustin Brown             1  1  2   2  0   4  0  0  0  0  1/2    19:11   6:59   0:39 
Jay McClement            0  0  0   0  0   0  0  0  0  0  1/1     5:33   0:00   0:27 
Josh Gorges              0  0  0   1  2   0  0  0  0  0  0/0    22:36   6:20   2:09 
Kyle Brodziak            0  0  0   0  0   1  1  1  0  0  9/21   15:57   6:54   1:33 
Kyle Palmieri            0  2  2   2  0   3  1  0  0  0  0/1    21:56   6:59   1:33 
Luke Glendening          0  0  0  -1  0   0  1  0  0  0  3/5    10:27   0:00   0:00 
Matt Martin              0  0  0   0  0   1  0  0  0  0  0/0     5:06   0:00   0:00 
Nick Schultz             0  0  0   0  0   0  2  0  0  0  0/0    12:58   0:00   0:00 
Oscar Klefbom            0  0  0   0  0   4  0  3  0  0  0/0    26:30   7:33   2:26 
Ryan Murray              0  0  0   1  0   1  0  1  0  0  0/0    23:32   6:20   3:04 
Ryan Pulock              0  0  0   0  0   0  0  0  0  0  0/0     2:15   0:00   0:15 
Ryan Reaves              0  0  0  -1  4   0  3  0  0  0  0/1     9:22   0:00   0:00 
Steven Stamkos           0  0  0   0  0   1  1  0  0  0  6/12   14:34   0:00   0:00 
T.J. Oshie               0  0  0   0  0   4  2  0  0  0  2/6    27:02   6:54   2:43 
Taylor Hall              0  0  0   0  0   1  0  1  0  0  2/6    26:10   6:54   2:51 
Valeri Nichushkin        0  0  0   0  0   0  0  0  0  0  0/0     0:00   0:00   0:00 
Yanni Gourde             0  0  0  -1  0   1  0  0  0  0  0/1    10:38   0:00   1:14 

Players Stats for CAROLINA

Player Name              G  A  P  +/- PIM S  H  SB GA TA FO     MP     PP MP  PK MP  
------------------------------------------------------------------------------------
Alexander Steen          0  1  1   0  2   0  2  0  0  0  1/2    21:09   2:28   4:00 
Antoine Roussel          1  0  1   0  2   3  1  0  0  0  0/0    11:02   0:00   0:00 
Blake Comeau             0  0  0   0  0   1  2  0  0  0  0/1    10:35   0:00   0:00 
Brent Burns              0  0  0   0  0   1  2  3  0  0  0/0    29:54   3:08   8:42 
Claude Giroux            0  0  0  -1  0   1  0  1  0  0  13/17  19:40   3:02   3:46 
Luke Schenn              0  0  0   1  4   0  0  0  0  0  0/0    20:52   2:22   3:40 
Matt Nieto               0  0  0   0  0   0  0  0  0  0  0/0     5:14   0:00   0:00 
Michael Cammalleri       0  0  0   0  0   1  1  0  0  0  0/10   11:34   0:00   0:31 
Patrice Bergeron         1  0  1   0  2   5  0  1  0  0  24/40  27:00   2:28   8:05 
Paul Martin              0  0  0  -2  0   0  0  0  0  0  0/0    12:41   0:00   0:00 
Scottie Upshall          0  0  0   0  0   1  0  0  0  0  0/0     5:14   0:00   0:00 
Shayne Gostisbehere      0  1  1   1  0   0  0  2  0  0  0/0    22:55   2:22   5:41 
Shea Weber               0  0  0   0  2   3  3  0  0  0  0/0    28:10   3:08   6:59 
Thomas Hickey            0  0  0  -2  0   2  2  1  0  0  0/0    15:25   0:00   2:44 
Tomas Hertl              0  0  0  -1  2   0  1  0  0  0  0/0    14:30   3:02   0:00 
Torrey Mitchell          0  0  0   0  0   0  0  0  0  0  11/15   6:53   0:00   1:39 
Vladimir Tarasenko       0  1  1   0  0   0  1  0  0  0  0/2    28:41   2:28   9:45 
Zach Parise              0  0  0  -1  0   2  0  0  0  0  0/1    14:31   3:02   0:00 

3 Stars

1 - Alex Galchenyuk (DET)
2 - Dustin Brown (DET)
3 - Kyle Palmieri (DET)

Power Play

DETROIT - 0 on 4 Attempt(s) - 0.00%
CAROLINA - 1 on 1 Attempt(s) - 100.00%

Penalty Kill

DETROIT - 0 on 1 Attempt(s) - 0.00% - Score 0 goal in Penalty Kill
CAROLINA - 4 on 4 Attempt(s) - 100.00% - Score 0 goal in Penalty Kill

Team Stat

DETROIT - Hits : 12 - Faceoff Wins : 39 - Blocked Shots : 9 - Penalty Minutes : 6
CAROLINA - Hits : 15 - Faceoff Wins : 49 - Blocked Shots : 8 - Penalty Minutes : 14

Official

Referees : Unknown
Linesman : Unknown

Game Notes

No Game Note

Finance

Level 1 -- Attendance: 4373 (72.88%) -- Ticket Income $437,300
Level 2 -- Attendance: 3808 (76.16%) -- Ticket Income $228,480
Level 3 -- Attendance: 1755 (87.75%) -- Ticket Income $61,425
Level 4 -- Attendance: 4000 (100.00%) -- Ticket Income $80,000
Luxury Box -- Attendance: 765 (76.50%) -- Ticket Income $153,000
Game was played at the PNC Center.
Total Attendance: 14701 (81.67%)
Total Ticket Income: $960,205
Total Income: $960,205

DETROIT

5 vs 5 Forward 
   Center                   Left Wing                Right Wing               Time % Phy DF OF 
 1 Steven Stamkos           Taylor Hall              T.J. Oshie               35     1   2  2  
 2 Alex Galchenyuk          Dustin Brown             Kyle Palmieri            30     1   2  2  
 3 Luke Glendening          Yanni Gourde             Ryan Reaves              25     1   3  1  
 4 Kyle Brodziak            Matt Martin              Jay McClement            10     1   3  1  

5 vs 5 Defense 
   Defense                  Defense                                           Time % Phy DF OF 
 1 Aaron Ekblad             Oscar Klefbom                                     35     1   2  2  
 2 Josh Gorges              Ryan Murray                                       30     1   2  2  
 3 Nick Schultz             Cody Goloubef                                     25     1   2  2  
 4 Ryan Pulock              Aaron Ekblad                                      10     1   2  2  

PowerPlay Forward 
   Center                   Left Wing                Right Wing               Time % Phy DF OF 
 1 Kyle Brodziak            Taylor Hall              T.J. Oshie               60     1   2  2  
 2 Alex Galchenyuk          Dustin Brown             Kyle Palmieri            40     1   2  2  

PowerPlay Defense
   Defense                  Defense                                           Time % Phy DF OF 
 1 Aaron Ekblad             Oscar Klefbom                                     60     1   2  2  
 2 Josh Gorges              Ryan Murray                                       40     1   2  2  

Penalty Kill 4 Players Forward 
   Center                   Wing                     Time % Phy DF OF 
 1 Taylor Hall              T.J. Oshie               60     1   2  2  
 2 Kyle Brodziak            Kyle Palmieri            40     1   2  2  

Penalty Kill 4 Players Defense
   Defense                  Defense                  Time % Phy DF OF 
 1 Aaron Ekblad             Oscar Klefbom            60     1   2  2  
 2 Josh Gorges              Ryan Murray              40     1   2  2  

Penalty Kill - 3 Players Forward 
   Forward                                           Time % Phy DF OF 
 1 T.J. Oshie                                        60     1   2  2  
 2 Kyle Brodziak                                     40     1   2  2  

Penalty Kill - 3 Players Defense
   Defense                  Defense                  Time % Phy DF OF 
 1 Aaron Ekblad             Oscar Klefbom            60     1   2  2  
 2 Josh Gorges              Ryan Murray              40     1   2  2  

4 vs 4 Forward 
   Center                   Wing                     Time % Phy DF OF 
 1 Kyle Brodziak            T.J. Oshie               60     1   2  2  
 2 Taylor Hall              Kyle Palmieri            40     1   2  2  

4 vs 4 Defense
   Defense                  Defense                  Time % Phy DF OF 
 1 Aaron Ekblad             Oscar Klefbom            60     1   2  2  
 2 Josh Gorges              Ryan Murray              40     1   2  2  

Last Minutes Offensive
   Center                   Left Wing                Right Wing               Defense                  Defense                  
   Steven Stamkos           Taylor Hall              T.J. Oshie               Aaron Ekblad             Oscar Klefbom            

Last Minutes Defensive
   Center                   Left Wing                Right Wing               Defense                  Defense                  
   Steven Stamkos           Taylor Hall              T.J. Oshie               Aaron Ekblad             Oscar Klefbom            

Goaltenders
Starting : John Gibson              
Backup : Michael Hutchinson       

Extra Forwards
Normal : Luke Glendening, Kyle Brodziak, Yanni Gourde - PP : Luke Glendening, Kyle Brodziak - PK : Yanni Gourde
Extra Defensemen
Normal : Nick Schultz, Cody Goloubef, Ryan Pulock - PP : Nick Schultz - PK : Cody Goloubef, Ryan Pulock
Penalty Shots
Steven Stamkos, T.J. Oshie, Taylor Hall, Kyle Palmieri, Dustin Brown

Scratches
DET CAP HIT (Suspend)

CAROLINA

5 vs 5 Forward 
   Center                   Left Wing                Right Wing               Time % Phy DF OF 
 1 Patrice Bergeron         Alexander Steen          Vladimir Tarasenko       35     1   2  2  
 2 Claude Giroux            Zach Parise              Tomas Hertl              30     1   2  2  
 3 Michael Cammalleri       Antoine Roussel          Blake Comeau             25     1   2  2  
 4 Torrey Mitchell          Matt Nieto               Scottie Upshall          10     1   2  2  

5 vs 5 Defense 
   Defense                  Defense                                           Time % Phy DF OF 
 1 Shea Weber               Brent Burns                                       35     1   2  2  
 2 Luke Schenn              Shayne Gostisbehere                               30     1   2  2  
 3 Paul Martin              Thomas Hickey                                     25     1   2  2  
 4 Shea Weber               Brent Burns                                       10     1   2  2  

PowerPlay Forward 
   Center                   Left Wing                Right Wing               Time % Phy DF OF 
 1 Patrice Bergeron         Alexander Steen          Vladimir Tarasenko       60     1   2  2  
 2 Claude Giroux            Zach Parise              Tomas Hertl              40     1   2  2  

PowerPlay Defense
   Defense                  Defense                                           Time % Phy DF OF 
 1 Shea Weber               Brent Burns                                       60     1   2  2  
 2 Luke Schenn              Shayne Gostisbehere                               40     1   2  2  

Penalty Kill 4 Players Forward 
   Center                   Wing                     Time % Phy DF OF 
 1 Patrice Bergeron         Vladimir Tarasenko       60     1   2  2  
 2 Claude Giroux            Alexander Steen          40     1   2  2  

Penalty Kill 4 Players Defense
   Defense                  Defense                  Time % Phy DF OF 
 1 Shea Weber               Brent Burns              60     1   2  2  
 2 Luke Schenn              Shayne Gostisbehere      40     1   2  2  

Penalty Kill - 3 Players Forward 
   Forward                                           Time % Phy DF OF 
 1 Patrice Bergeron                                  60     1   2  2  
 2 Vladimir Tarasenko                                40     1   2  2  

Penalty Kill - 3 Players Defense
   Defense                  Defense                  Time % Phy DF OF 
 1 Shea Weber               Brent Burns              60     1   2  2  
 2 Luke Schenn              Shayne Gostisbehere      40     1   2  2  

4 vs 4 Forward 
   Center                   Wing                     Time % Phy DF OF 
 1 Patrice Bergeron         Vladimir Tarasenko       60     1   2  2  
 2 Claude Giroux            Alexander Steen          40     1   2  2  

4 vs 4 Defense
   Defense                  Defense                  Time % Phy DF OF 
 1 Shea Weber               Brent Burns              60     1   2  2  
 2 Luke Schenn              Shayne Gostisbehere      40     1   2  2  

Last Minutes Offensive
   Center                   Left Wing                Right Wing               Defense                  Defense                  
   Patrice Bergeron         Alexander Steen          Vladimir Tarasenko       Shea Weber               Brent Burns              

Last Minutes Defensive
   Center                   Left Wing                Right Wing               Defense                  Defense                  
   Patrice Bergeron         Alexander Steen          Vladimir Tarasenko       Shea Weber               Brent Burns              

Goaltenders
Starting : Sergei Bobrovsky         
Backup : Thomas Greiss            

Extra Forwards
Normal : Michael Cammalleri, Antoine Roussel, Torrey Mitchell - PP : Michael Cammalleri, Antoine Roussel - PK : Torrey Mitchell
Extra Defensemen
Normal : Paul Martin, Thomas Hickey, Luke Schenn - PP : Paul Martin - PK : Thomas Hickey, Luke Schenn
Penalty Shots
Patrice Bergeron, Vladimir Tarasenko, Claude Giroux, Alexander Steen, Zach Parise

Scratches
None


% Time on Ice - DETROIT

Lines # - Real PCT - Wanted PCT - Time Play
Normal Forward
1 - 36% - 35% - 14:34
2 - 28% - 30% - 11:33
3 - 23% - 25% - 9:24
4 - 13% - 10% - 5:06
Normal Defense
1 - 34% - 35% - 13:59
2 - 29% - 30% - 11:40
3 - 32% - 25% - 12:58
4 - 5% - 10% - 2:00
PP Forward
1 - 50% - 60% - 6:54
2 - 50% - 40% - 6:59
PP Defense
1 - 54% - 60% - 7:33
2 - 46% - 40% - 6:20
PK Forward
1 - 72% - 60% - 3:57
2 - 28% - 40% - 1:33
PK Defense
1 - 44% - 60% - 2:26
2 - 56% - 40% - 3:04
PK3 Forward
1 - 0% - 60%
2 - 0% - 40%
PK3 Defense
1 - 0% - 60%
2 - 0% - 40%
44 Forward
1 - 63% - 60% - 3:09
2 - 37% - 40% - 1:51
44 Defense
1 - 51% - 60% - 2:32
2 - 49% - 40% - 2:28
Last Minute Offensive  - 0:00
Last Minute Defensive  - 0:00
Total
Forward - 65:00
Defense - 65:00

% Time on Ice - CAROLINA

Lines # - Real PCT - Wanted PCT - Time Play
Normal Forward
1 - 33% - 35% - 13:19
2 - 28% - 30% - 11:29
3 - 26% - 25% - 10:35
4 - 13% - 10% - 5:14
Normal Defense
1 - 35% - 35% - 14:09
2 - 32% - 30% - 12:55
3 - 31% - 25% - 12:41
4 - 2% - 10% - 0:52
PP Forward
1 - 45% - 60% - 2:28
2 - 55% - 40% - 3:02
PP Defense
1 - 57% - 60% - 3:08
2 - 43% - 40% - 2:22
PK Forward
1 - 73% - 60% - 10:07
2 - 27% - 40% - 3:46
PK Defense
1 - 60% - 60% - 8:22
2 - 40% - 40% - 5:31
PK3 Forward
1 - 0% - 60%
2 - 0% - 40%
PK3 Defense
1 - 0% - 60%
2 - 0% - 40%
44 Forward
1 - 72% - 60% - 3:37
2 - 28% - 40% - 1:23
44 Defense
1 - 61% - 60% - 3:03
2 - 39% - 40% - 1:57
Last Minute Offensive  - 0:00
Last Minute Defensive  - 0:00
Total
Forward - 65:00
Defense - 65:00

Play-by-Play

1st period


0:01 of 1st period - Patrice Bergeron wins face-off versus Steven Stamkos in neutral zone.
0:20 of 1st period - Oscar Klefbom is hit by Vladimir Tarasenko and loses puck.
0:26 of 1st period - Icing by Taylor Hall.
0:27 of 1st period - Steven Stamkos wins face-off versus Claude Giroux in DETROIT zone.
0:32 of 1st period - Claude Giroux is hit by Steven Stamkos and loses puck.
0:49 of 1st period - Shot by T.J. Oshie.
0:49 of 1st period - Stopped by Sergei Bobrovsky with a rebound.
1:32 of 1st period - Icing by Thomas Hickey.
1:33 of 1st period - Luke Glendening wins face-off versus Michael Cammalleri in CAROLINA zone.
1:40 of 1st period - Shot by Luke Glendening.
1:40 of 1st period - Shot Misses the Net.
1:46 of 1st period - Cody Goloubef is hit by Blake Comeau and loses puck.
1:59 of 1st period - Shot by Antoine Roussel.
1:59 of 1st period - Shot Misses the Net.
2:53 of 1st period - Shot by Kyle Brodziak.
2:53 of 1st period - Shot Misses the Net.
2:57 of 1st period - Shot by Matt Martin.
2:57 of 1st period - Stopped by Sergei Bobrovsky without a rebound.
2:58 of 1st period - Torrey Mitchell wins face-off versus Alex Galchenyuk in CAROLINA zone.
3:19 of 1st period - Shot by Alex Galchenyuk.
3:19 of 1st period - Shot Misses the Net.
3:21 of 1st period - Shot by Kyle Palmieri.
3:21 of 1st period - Stopped by Sergei Bobrovsky without a rebound.
3:22 of 1st period - Steven Stamkos wins face-off versus Claude Giroux in CAROLINA zone.
3:22 of 1st period - Steven Stamkos is hit by Thomas Hickey.
3:26 of 1st period - Shot by Taylor Hall.
3:26 of 1st period - Shot Misses the Net.
3:28 of 1st period - Shot by Steven Stamkos.
3:28 of 1st period - Stopped by Sergei Bobrovsky without a rebound.
3:29 of 1st period - Claude Giroux wins face-off versus Steven Stamkos in CAROLINA zone.
4:25 of 1st period - Off-side.
4:26 of 1st period - Patrice Bergeron wins face-off versus Alex Galchenyuk in neutral zone.
4:59 of 1st period - Oscar Klefbom is hit by Alexander Steen and loses puck.
5:12 of 1st period - Icing by Kyle Palmieri.
5:13 of 1st period - Alex Galchenyuk wins face-off versus Blake Comeau in DETROIT zone.
5:13 of 1st period - Alex Galchenyuk is hit by Antoine Roussel.
5:20 of 1st period - Minor Penalty to Luke Schenn for Hooking.
5:21 of 1st period - Patrice Bergeron wins face-off versus Kyle Brodziak in CAROLINA zone.
6:24 of 1st period - Icing by Aaron Ekblad.
6:25 of 1st period - Patrice Bergeron wins face-off versus Alex Galchenyuk in DETROIT zone.
6:36 of 1st period - Shot by Patrice Bergeron.
6:36 of 1st period - Stopped by John Gibson with a rebound.
6:38 of 1st period - Shot by Vladimir Tarasenko.
6:38 of 1st period - Shot Misses the Net.
6:40 of 1st period - Shot by Brent Burns.
6:40 of 1st period - Stopped by John Gibson without a rebound.
6:41 of 1st period - Claude Giroux wins face-off versus T.J. Oshie in DETROIT zone.
6:59 of 1st period - Icing by Kyle Brodziak.
7:00 of 1st period - Patrice Bergeron wins face-off versus T.J. Oshie in DETROIT zone.
7:10 of 1st period - Icing by Oscar Klefbom.
7:11 of 1st period - Patrice Bergeron wins face-off versus Kyle Brodziak in DETROIT zone.
7:14 of 1st period - Shot by Patrice Bergeron.
7:14 of 1st period - Shot Blocked by Oscar Klefbom.
7:34 of 1st period - Shot by Luke Glendening.
7:34 of 1st period - Shot Misses the Net.
9:24 of 1st period - Off-side.
9:25 of 1st period - Torrey Mitchell wins face-off versus Kyle Brodziak in neutral zone.
9:30 of 1st period - Shot by Matt Nieto.
9:30 of 1st period - Shot Misses the Net.
9:32 of 1st period - Shot by Torrey Mitchell.
9:32 of 1st period - Shot Blocked by Ryan Murray.
10:16 of 1st period - Icing by Thomas Hickey.
10:17 of 1st period - Torrey Mitchell wins face-off versus Steven Stamkos in CAROLINA zone.
10:31 of 1st period - Icing by Paul Martin.
10:32 of 1st period - Torrey Mitchell wins face-off versus Luke Glendening in CAROLINA zone.
10:53 of 1st period - Shot by Patrice Bergeron.
10:53 of 1st period - Stopped by John Gibson with a rebound.
11:22 of 1st period - Vladimir Tarasenko is hit by Ryan Reaves and loses puck.
11:29 of 1st period - Shot by Shea Weber.
11:29 of 1st period - Stopped by John Gibson with a rebound.
11:39 of 1st period - Shot by Antoine Roussel.
11:39 of 1st period - Goal by Antoine Roussel - DETROIT : 0 - CAROLINA : 1.
11:40 of 1st period - Steven Stamkos wins face-off versus Michael Cammalleri in neutral zone.
11:40 of 1st period - Aaron Ekblad is hit by Michael Cammalleri and loses puck.
11:45 of 1st period - Taylor Hall is hit by Blake Comeau and loses puck.
11:56 of 1st period - Shot by Michael Cammalleri.
11:56 of 1st period - Deflect By Antoine Roussel.
11:56 of 1st period - Stopped by John Gibson without a rebound.
11:57 of 1st period - Claude Giroux wins face-off versus Alex Galchenyuk in DETROIT zone.
12:00 of 1st period - Shot by Tomas Hertl.
12:00 of 1st period - Deflect By Zach Parise.
12:00 of 1st period - Stopped by John Gibson without a rebound.
12:01 of 1st period - Claude Giroux wins face-off versus T.J. Oshie in DETROIT zone.
13:20 of 1st period - Shot by Vladimir Tarasenko.
13:20 of 1st period - Shot Blocked by Aaron Ekblad.
13:30 of 1st period - Shot by Vladimir Tarasenko.
13:30 of 1st period - Shot Misses the Net.
13:32 of 1st period - Shot by Brent Burns.
13:32 of 1st period - Shot Blocked by Oscar Klefbom.
14:39 of 1st period - Icing by Torrey Mitchell.
14:40 of 1st period - Torrey Mitchell wins face-off versus Luke Glendening in CAROLINA zone.
14:40 of 1st period - Torrey Mitchell is hit by Luke Glendening.
14:43 of 1st period - Matt Nieto is hit by Ryan Reaves and loses puck.
15:10 of 1st period - Shot by Matt Nieto.
15:10 of 1st period - Deflect By Scottie Upshall.
15:10 of 1st period - Stopped by John Gibson without a rebound.
15:11 of 1st period - Alex Galchenyuk wins face-off versus Patrice Bergeron in DETROIT zone.
15:11 of 1st period - Alex Galchenyuk is hit by Alexander Steen.
15:18 of 1st period - Minor Penalty to Shea Weber for Hooking.
15:19 of 1st period - Patrice Bergeron wins face-off versus Alex Galchenyuk in CAROLINA zone.
16:00 of 1st period - Shot by Dustin Brown.
16:00 of 1st period - Shot Misses the Net.
16:02 of 1st period - Shot by Dustin Brown.
16:02 of 1st period - Shot Misses the Net.
16:27 of 1st period - Shot by Aaron Ekblad.
16:27 of 1st period - Shot Blocked by Brent Burns.
17:33 of 1st period - Shot by Paul Martin.
17:33 of 1st period - Shot Misses the Net.
18:26 of 1st period - Icing by Shayne Gostisbehere.
18:27 of 1st period - Torrey Mitchell wins face-off versus Steven Stamkos in CAROLINA zone.
19:38 of 1st period - Aaron Ekblad is hit by Shea Weber and loses puck.
19:46 of 1st period - Icing by Shea Weber.
19:47 of 1st period - Alex Galchenyuk wins face-off versus Alexander Steen in CAROLINA zone.
19:50 of 1st period - Shot by Alex Galchenyuk.
19:50 of 1st period - Stopped by Sergei Bobrovsky without a rebound.
19:51 of 1st period - Alex Galchenyuk wins face-off versus Claude Giroux in CAROLINA zone.
Goals for this period are 0 for DETROIT vs 1 for CAROLINA.
Shots for this period are 5 for DETROIT vs 8 for CAROLINA.

2nd period


0:01 of 2nd period - Claude Giroux wins face-off versus Alex Galchenyuk in neutral zone.
0:19 of 2nd period - Icing by Josh Gorges.
0:20 of 2nd period - Alex Galchenyuk wins face-off versus Patrice Bergeron in DETROIT zone.
0:42 of 2nd period - Icing by Shayne Gostisbehere.
0:43 of 2nd period - Patrice Bergeron wins face-off versus Steven Stamkos in CAROLINA zone.
0:48 of 2nd period - Shot by Vladimir Tarasenko.
0:48 of 2nd period - Shot Blocked by Taylor Hall.
0:50 of 2nd period - Shot by Alexander Steen.
0:50 of 2nd period - Shot Misses the Net.
0:52 of 2nd period - Shot by Patrice Bergeron.
0:52 of 2nd period - Shot Blocked by Aaron Ekblad.
1:12 of 2nd period - Shot by Vladimir Tarasenko.
1:12 of 2nd period - Deflect By Patrice Bergeron.
1:12 of 2nd period - Shot Blocked by Oscar Klefbom.
2:04 of 2nd period - Shot by Yanni Gourde.
2:04 of 2nd period - Stopped by Sergei Bobrovsky without a rebound.
2:05 of 2nd period - Alex Galchenyuk wins face-off versus Michael Cammalleri in CAROLINA zone.
2:08 of 2nd period - Shot by Kyle Palmieri.
2:08 of 2nd period - Stopped by Sergei Bobrovsky without a rebound.
2:09 of 2nd period - Alex Galchenyuk wins face-off versus Michael Cammalleri in CAROLINA zone.
2:16 of 2nd period - Shot by Alex Galchenyuk.
2:16 of 2nd period - Shot Misses the Net.
2:18 of 2nd period - Shot by Dustin Brown.
2:18 of 2nd period - Shot Misses the Net.
2:26 of 2nd period - Shot by Dustin Brown.
2:26 of 2nd period - Stopped by Sergei Bobrovsky without a rebound.
2:27 of 2nd period - Patrice Bergeron wins face-off versus Steven Stamkos in CAROLINA zone.
2:46 of 2nd period - Shot by Taylor Hall.
2:46 of 2nd period - Deflect By Steven Stamkos.
2:46 of 2nd period - Shot Misses the Net.
4:05 of 2nd period - Minor Penalty to Luke Schenn for Roughing.
4:06 of 2nd period - Kyle Brodziak wins face-off versus Patrice Bergeron in CAROLINA zone.
4:29 of 2nd period - Shot by Oscar Klefbom.
4:29 of 2nd period - Stopped by Sergei Bobrovsky without a rebound.
4:30 of 2nd period - Patrice Bergeron wins face-off versus Alex Galchenyuk in CAROLINA zone.
4:41 of 2nd period - Shot by Josh Gorges.
4:41 of 2nd period - Shot Blocked by Thomas Hickey.
5:23 of 2nd period - Shot by Oscar Klefbom.
5:23 of 2nd period - Shot Blocked by Brent Burns.
5:25 of 2nd period - Shot by Oscar Klefbom.
5:25 of 2nd period - Deflect By Taylor Hall.
5:25 of 2nd period - Stopped by Sergei Bobrovsky without a rebound.
5:26 of 2nd period - Patrice Bergeron wins face-off versus Kyle Brodziak in CAROLINA zone.
6:32 of 2nd period - Minor Penalty to Ryan Reaves for Hooking.
6:33 of 2nd period - Claude Giroux wins face-off versus Taylor Hall in DETROIT zone.
6:44 of 2nd period - Shot by Zach Parise.
6:44 of 2nd period - Shot Misses the Net.
6:46 of 2nd period - Shot by Shea Weber.
6:46 of 2nd period - Stopped by John Gibson without a rebound.
6:47 of 2nd period - Taylor Hall wins face-off versus Zach Parise in DETROIT zone.
7:06 of 2nd period - Josh Gorges is hit by Tomas Hertl and loses puck.
7:48 of 2nd period - Shot by Shayne Gostisbehere.
7:48 of 2nd period - Shot Misses the Net.
8:02 of 2nd period - Shot by Alexander Steen.
8:02 of 2nd period - Deflect By Patrice Bergeron.
8:02 of 2nd period - Shot Misses the Net.
8:04 of 2nd period - Shot by Patrice Bergeron.
8:04 of 2nd period - Goal by Patrice Bergeron - DETROIT : 0 - CAROLINA : 2.
8:05 of 2nd period - Alex Galchenyuk wins face-off versus Michael Cammalleri in neutral zone.
8:18 of 2nd period - Shot by Dustin Brown.
8:18 of 2nd period - Goal by Dustin Brown - DETROIT : 1 - CAROLINA : 2.
8:19 of 2nd period - Luke Glendening wins face-off versus Patrice Bergeron in neutral zone.
8:25 of 2nd period - Icing by Luke Schenn.
8:26 of 2nd period - Patrice Bergeron wins face-off versus Alex Galchenyuk in CAROLINA zone.
8:35 of 2nd period - Luke Schenn is hit by Kyle Palmieri.
8:50 of 2nd period - Minor Penalty to Patrice Bergeron for Hooking.
8:51 of 2nd period - Torrey Mitchell wins face-off versus Kyle Brodziak in CAROLINA zone.
8:51 of 2nd period - Torrey Mitchell is hit by Kyle Brodziak.
9:14 of 2nd period - Shot by Aaron Ekblad.
9:14 of 2nd period - Stopped by Sergei Bobrovsky without a rebound.
9:15 of 2nd period - Dustin Brown wins face-off versus Torrey Mitchell in CAROLINA zone.
9:20 of 2nd period - Shot by Kyle Palmieri.
9:20 of 2nd period - Shot Misses the Net.
9:22 of 2nd period - Shot by Dustin Brown.
9:22 of 2nd period - Stopped by Sergei Bobrovsky without a rebound.
9:23 of 2nd period - Torrey Mitchell wins face-off versus Alex Galchenyuk in CAROLINA zone.
9:36 of 2nd period - Shot by Oscar Klefbom.
9:36 of 2nd period - Shot Blocked by Shayne Gostisbehere.
9:38 of 2nd period - Shot by Aaron Ekblad.
9:38 of 2nd period - Shot Misses the Net.
9:59 of 2nd period - Icing by Oscar Klefbom.
10:00 of 2nd period - Alex Galchenyuk wins face-off versus Torrey Mitchell in DETROIT zone.
10:09 of 2nd period - Shot by Aaron Ekblad.
10:09 of 2nd period - Stopped by Sergei Bobrovsky with a rebound.
10:11 of 2nd period - Shot by Kyle Palmieri.
10:11 of 2nd period - Deflect By Alex Galchenyuk.
10:11 of 2nd period - Stopped by Sergei Bobrovsky without a rebound.
10:12 of 2nd period - Kyle Brodziak wins face-off versus Torrey Mitchell in CAROLINA zone.
10:12 of 2nd period - Kyle Brodziak is hit by Brent Burns.
10:54 of 2nd period - Shot by Yanni Gourde.
10:54 of 2nd period - Shot Misses the Net.
10:56 of 2nd period - Shot by Luke Glendening.
10:56 of 2nd period - Shot Blocked by Claude Giroux.
11:26 of 2nd period - Shot by Tomas Hertl.
11:26 of 2nd period - Shot Misses the Net.
11:28 of 2nd period - Shot by Thomas Hickey.
11:28 of 2nd period - Stopped by John Gibson without a rebound.
11:29 of 2nd period - Alex Galchenyuk wins face-off versus Michael Cammalleri in DETROIT zone.
11:35 of 2nd period - Off-side.
11:36 of 2nd period - Steven Stamkos wins face-off versus Michael Cammalleri in neutral zone.
11:47 of 2nd period - Shot by Taylor Hall.
11:47 of 2nd period - Shot Misses the Net.
11:49 of 2nd period - Shot by T.J. Oshie.
11:49 of 2nd period - Stopped by Sergei Bobrovsky with a rebound.
11:51 of 2nd period - Shot by Oscar Klefbom.
11:51 of 2nd period - Shot Misses the Net.
12:40 of 2nd period - Shot by Kyle Palmieri.
12:40 of 2nd period - Stopped by Sergei Bobrovsky without a rebound.
12:41 of 2nd period - Claude Giroux wins face-off versus Ryan Reaves in CAROLINA zone.
13:12 of 2nd period - Shot by Shayne Gostisbehere.
13:12 of 2nd period - Shot Misses the Net.
13:38 of 2nd period - Shot by Vladimir Tarasenko.
13:38 of 2nd period - Shot Misses the Net.
14:41 of 2nd period - Shea Weber is hit by T.J. Oshie and loses puck.
14:56 of 2nd period - Shot by T.J. Oshie.
14:56 of 2nd period - Shot Misses the Net.
15:59 of 2nd period - Oscar Klefbom is hit by Thomas Hickey and loses puck.
16:43 of 2nd period - Icing by Claude Giroux.
16:44 of 2nd period - Alex Galchenyuk wins face-off versus Claude Giroux in CAROLINA zone.
16:49 of 2nd period - Shot by Dustin Brown.
16:49 of 2nd period - Stopped by Sergei Bobrovsky with a rebound.
16:55 of 2nd period - Shot by Alex Galchenyuk.
16:55 of 2nd period - Goal by Alex Galchenyuk - DETROIT : 2 - CAROLINA : 2.
16:56 of 2nd period - Alexander Steen wins face-off versus Yanni Gourde in neutral zone.
17:32 of 2nd period - Shot by Yanni Gourde.
17:32 of 2nd period - Shot Blocked by Brent Burns.
17:34 of 2nd period - Shot by Cody Goloubef.
17:34 of 2nd period - Stopped by Sergei Bobrovsky without a rebound.
17:35 of 2nd period - Alex Galchenyuk wins face-off versus Michael Cammalleri in CAROLINA zone.
17:57 of 2nd period - Minor Penalty to Antoine Roussel for Boarding.
17:58 of 2nd period - Patrice Bergeron wins face-off versus Alex Galchenyuk in CAROLINA zone.
18:22 of 2nd period - Shot by Ryan Murray.
18:22 of 2nd period - Stopped by Sergei Bobrovsky without a rebound.
18:23 of 2nd period - Patrice Bergeron wins face-off versus Kyle Brodziak in CAROLINA zone.
18:38 of 2nd period - Shot by Patrice Bergeron.
18:38 of 2nd period - Shot Misses the Net.
19:30 of 2nd period - Shot by Alex Galchenyuk.
19:30 of 2nd period - Deflect By Dustin Brown.
19:30 of 2nd period - Shot Blocked by Patrice Bergeron.
19:46 of 2nd period - Shot by Oscar Klefbom.
19:46 of 2nd period - Stopped by Sergei Bobrovsky without a rebound.
19:47 of 2nd period - Patrice Bergeron wins face-off versus Alex Galchenyuk in CAROLINA zone.
Goals for this period are 2 for DETROIT vs 1 for CAROLINA.
Shots for this period are 17 for DETROIT vs 3 for CAROLINA.

3rd period


0:01 of 3rd period - Alex Galchenyuk wins face-off versus Patrice Bergeron in neutral zone.
0:01 of 3rd period - Alex Galchenyuk is hit by Shea Weber.
0:10 of 3rd period - Icing by Shea Weber.
0:11 of 3rd period - Steven Stamkos wins face-off versus Vladimir Tarasenko in CAROLINA zone.
0:11 of 3rd period - Steven Stamkos is hit by Shea Weber.
0:23 of 3rd period - Shot by Steven Stamkos.
0:23 of 3rd period - Shot Hit the Post.
0:40 of 3rd period - Shot by Patrice Bergeron.
0:40 of 3rd period - Stopped by John Gibson without a rebound.
0:41 of 3rd period - Claude Giroux wins face-off versus Alex Galchenyuk in DETROIT zone.
3:22 of 3rd period - Paul Martin is hit by Ryan Reaves and loses puck.
3:23 of 3rd period - Minor Penalty to Ryan Reaves for Cross-checking.
3:24 of 3rd period - Kyle Brodziak wins face-off versus Patrice Bergeron in DETROIT zone.
3:35 of 3rd period - Shot by Shea Weber.
3:35 of 3rd period - Stopped by John Gibson without a rebound.
3:36 of 3rd period - Taylor Hall wins face-off versus Patrice Bergeron in DETROIT zone.
4:14 of 3rd period - Off-side.
4:15 of 3rd period - Claude Giroux wins face-off versus Taylor Hall in neutral zone.
5:08 of 3rd period - Off-side.
5:09 of 3rd period - T.J. Oshie wins face-off versus Patrice Bergeron in neutral zone.
5:37 of 3rd period - Icing by Jay McClement.
5:38 of 3rd period - Torrey Mitchell wins face-off versus Kyle Brodziak in DETROIT zone.
5:38 of 3rd period - Torrey Mitchell is hit by Nick Schultz.
5:43 of 3rd period - Icing by Matt Martin.
5:44 of 3rd period - Jay McClement wins face-off versus Michael Cammalleri in DETROIT zone.
6:04 of 3rd period - Icing by Jay McClement.
6:05 of 3rd period - Kyle Brodziak wins face-off versus Patrice Bergeron in DETROIT zone.
6:46 of 3rd period - Minor Penalty to Josh Gorges for Slashing.
6:47 of 3rd period - Claude Giroux wins face-off versus Taylor Hall in DETROIT zone.
6:58 of 3rd period - Shot by Zach Parise.
6:58 of 3rd period - Stopped by John Gibson without a rebound.
6:59 of 3rd period - Claude Giroux wins face-off versus Taylor Hall in DETROIT zone.
7:26 of 3rd period - Shot by Claude Giroux.
7:26 of 3rd period - Shot Misses the Net.
8:00 of 3rd period - Shot by Alexander Steen.
8:00 of 3rd period - Shot Misses the Net.
9:01 of 3rd period - Shot by Antoine Roussel.
9:01 of 3rd period - Stopped by John Gibson with a rebound.
9:03 of 3rd period - Shot by Michael Cammalleri.
9:03 of 3rd period - Shot Misses the Net.
9:05 of 3rd period - Shot by Antoine Roussel.
9:05 of 3rd period - Shot Misses the Net.
9:07 of 3rd period - Shot by Blake Comeau.
9:07 of 3rd period - Stopped by John Gibson without a rebound.
9:08 of 3rd period - Torrey Mitchell wins face-off versus Alex Galchenyuk in DETROIT zone.
9:08 of 3rd period - Torrey Mitchell is hit by Nick Schultz.
9:22 of 3rd period - Shot by Alex Galchenyuk.
9:22 of 3rd period - Shot Misses the Net.
9:29 of 3rd period - Icing by Shayne Gostisbehere.
9:30 of 3rd period - Kyle Brodziak wins face-off versus Torrey Mitchell in CAROLINA zone.
10:04 of 3rd period - Off-side.
10:05 of 3rd period - Alex Galchenyuk wins face-off versus Patrice Bergeron in neutral zone.
10:07 of 3rd period - Minor Penalty to Alexander Steen for Hooking.
10:08 of 3rd period - Patrice Bergeron wins face-off versus Alex Galchenyuk in CAROLINA zone.
10:21 of 3rd period - Off-side.
10:22 of 3rd period - Kyle Brodziak wins face-off versus Patrice Bergeron in neutral zone.
10:29 of 3rd period - Shot by T.J. Oshie.
10:29 of 3rd period - Stopped by Sergei Bobrovsky without a rebound.
10:30 of 3rd period - Patrice Bergeron wins face-off versus Kyle Palmieri in CAROLINA zone.
11:03 of 3rd period - Icing by Kyle Palmieri.
11:04 of 3rd period - Patrice Bergeron wins face-off versus Alex Galchenyuk in DETROIT zone.
11:11 of 3rd period - Shot by Patrice Bergeron.
11:11 of 3rd period - Stopped by John Gibson without a rebound.
11:12 of 3rd period - Patrice Bergeron wins face-off versus Kyle Brodziak in DETROIT zone.
11:39 of 3rd period - Shot by T.J. Oshie.
11:39 of 3rd period - Shot Misses the Net.
13:19 of 3rd period - Shot by Zach Parise.
13:19 of 3rd period - Deflect By Claude Giroux.
13:19 of 3rd period - Stopped by John Gibson without a rebound.
13:20 of 3rd period - Torrey Mitchell wins face-off versus Dustin Brown in DETROIT zone.
13:43 of 3rd period - Icing by Aaron Ekblad.
13:44 of 3rd period - Alex Galchenyuk wins face-off versus Patrice Bergeron in DETROIT zone.
14:10 of 3rd period - Shot by Dustin Brown.
14:10 of 3rd period - Shot Blocked by Shayne Gostisbehere.
15:04 of 3rd period - Icing by Shea Weber.
15:05 of 3rd period - Claude Giroux wins face-off versus Kyle Brodziak in CAROLINA zone.
15:50 of 3rd period - Shot by Michael Cammalleri.
15:50 of 3rd period - Stopped by John Gibson without a rebound.
15:51 of 3rd period - Patrice Bergeron wins face-off versus Alex Galchenyuk in DETROIT zone.
16:00 of 3rd period - Shot by Patrice Bergeron.
16:00 of 3rd period - Shot Misses the Net.
16:24 of 3rd period - Patrice Bergeron is hit by Alex Galchenyuk and loses puck.
16:28 of 3rd period - Off-side.
16:29 of 3rd period - Steven Stamkos wins face-off versus Michael Cammalleri in neutral zone.
17:36 of 3rd period - Minor Penalty to Tomas Hertl for Tripping.
17:37 of 3rd period - Patrice Bergeron wins face-off versus Alex Galchenyuk in CAROLINA zone.
18:15 of 3rd period - Shot by Aaron Ekblad.
18:15 of 3rd period - Shot Misses the Net.
18:17 of 3rd period - Shot by Dustin Brown.
18:17 of 3rd period - Shot Misses the Net.
18:19 of 3rd period - Shot by Oscar Klefbom.
18:19 of 3rd period - Stopped by Sergei Bobrovsky without a rebound.
18:20 of 3rd period - Kyle Brodziak wins face-off versus Patrice Bergeron in CAROLINA zone.
19:52 of 3rd period - Shot by Thomas Hickey.
19:52 of 3rd period - Stopped by John Gibson without a rebound.
19:53 of 3rd period - Claude Giroux wins face-off versus Kyle Brodziak in DETROIT zone.
Goals for this period are 0 for DETROIT vs 0 for CAROLINA.
Shots for this period are 2 for DETROIT vs 9 for CAROLINA.

Overtime #1


0:01 of 1st overtime period - Patrice Bergeron wins face-off versus Kyle Brodziak in neutral zone.
0:14 of 1st overtime period - Shot by Oscar Klefbom.
0:14 of 1st overtime period - Stopped by Sergei Bobrovsky without a rebound.
0:15 of 1st overtime period - Kyle Brodziak wins face-off versus Patrice Bergeron in CAROLINA zone.
0:33 of 1st overtime period - Off-side.
0:34 of 1st overtime period - Patrice Bergeron wins face-off versus T.J. Oshie in neutral zone.
0:47 of 1st overtime period - Shot by Vladimir Tarasenko.
0:47 of 1st overtime period - Shot Blocked by Kyle Brodziak.
1:05 of 1st overtime period - Shot by Patrice Bergeron.
1:05 of 1st overtime period - Shot Misses the Net.
1:48 of 1st overtime period - Taylor Hall is hit by Brent Burns and loses puck.
2:14 of 1st overtime period - Off-side.
2:15 of 1st overtime period - T.J. Oshie wins face-off versus Patrice Bergeron in neutral zone.
2:18 of 1st overtime period - Vladimir Tarasenko is hit by T.J. Oshie and loses puck.
2:29 of 1st overtime period - Shot by Kyle Brodziak.
2:29 of 1st overtime period - Deflect By T.J. Oshie.
2:29 of 1st overtime period - Stopped by Sergei Bobrovsky with a rebound.
2:39 of 1st overtime period - Shot by Aaron Ekblad.
2:39 of 1st overtime period - Shot Misses the Net.
2:41 of 1st overtime period - Shot by Kyle Brodziak.
2:41 of 1st overtime period - Stopped by Sergei Bobrovsky without a rebound.
2:42 of 1st overtime period - Luke Glendening wins face-off versus Patrice Bergeron in CAROLINA zone.
4:18 of 1st overtime period - Off-side.
4:19 of 1st overtime period - Patrice Bergeron wins face-off versus Kyle Brodziak in neutral zone.
4:26 of 1st overtime period - Shot by Vladimir Tarasenko.
4:26 of 1st overtime period - Shot Blocked by Aaron Ekblad.
4:41 of 1st overtime period - Icing by Patrice Bergeron.
4:42 of 1st overtime period - Kyle Brodziak wins face-off versus Vladimir Tarasenko in CAROLINA zone.
Goals for this period are 0 for DETROIT vs 0 for CAROLINA.
Shots for this period are 3 for DETROIT vs 0 for CAROLINA.

ShootOut


5:00 of 1st overtime period - Penalty Shot by Steven Stamkos for DETROIT.
5:00 of 1st overtime period - Shot Misses the Net.
5:00 of 1st overtime period - Penalty Shot by Patrice Bergeron for CAROLINA.
5:00 of 1st overtime period - Shot Misses the Net.
5:00 of 1st overtime period - Penalty Shot by T.J. Oshie for DETROIT.
5:00 of 1st overtime period - Stopped by Sergei Bobrovsky.
5:00 of 1st overtime period - Penalty Shot by Vladimir Tarasenko for CAROLINA.
5:00 of 1st overtime period - Goal by Vladimir Tarasenko.
5:00 of 1st overtime period - Penalty Shot by Taylor Hall for DETROIT.
5:00 of 1st overtime period - Shot Misses the Net.